 Dungeon Crawl Stone Soup version 0.27-a0-1188-g73eefd5def (webtiles) character file.

Game seed: 4528864562499402126

26 leviel the Slasher (level 3, -1/31 HPs)
             Began as a Hill Orc Abyssal Knight on May 21, 2021.
             Was a Follower of Lugonu.
             Slain by a goblin
             ... wielding a +0 dagger
             ... led by Robin
              (4 damage)
             ... on level 2 of the Dungeon.
             The game lasted 00:01:53 (1047 turns).

leviel the Slasher (Hill Orc Abyssal Knight)        Turns: 1047, Time: 00:01:54

Health: -1/31      AC:  3    Str: 15    XL:     3   Next: 8%
Magic:  4/4        EV: 11    Int: 12    God:    Lugonu [*.....]
Gold:   55         SH:  0    Dex: 10    Spells: 2/2 levels left

rFire    . . .     SeeInvis .   a - +1 falchion
rCold    . . .     Faith    .   (no shield)
rNeg     . . .     Spirit   .   b - +0 leather armour
rPois    .         Reflect  .   (no helmet)
rElec    .         Harm     .   (no cloak)
rCorr    .         Rampage  .   (no gloves)
Will     .....                  (no boots)
Stlth    +.........             (no amulet)
HPRegen  0.10/turn              (no ring)
MPRegen  0.09/turn              (no ring)

@: no status effects
A: no striking features
a: Renounce Religion, Depart the Abyss


You were on level 2 of the Dungeon.
You worshipped Lugonu.
Lugonu was aware of your devotion.
You visited 1 branch of the dungeon, and saw 2 of its levels.
You visited the Abyss 1 time.

You collected 55 gold pieces.

Inventory:

Hand Weapons
 a - a +1 falchion (weapon)
Armour
 b - a +0 leather armour (worn)
Scrolls
 e - a scroll of identify {unknown}
 f - a scroll of teleportation {unknown}


   Skills:
 - Level 3.6 Fighting
 + Level 3.8 Long Blades
 - Level 2.1 Armour
 - Level 0.7 Dodging
 - Level 2.4 Invocations


You had 2 spell levels left.
You didn't know any spells.
Your spell library was empty.

Dungeon Overview and Level Annotations

Branches:
Dungeon (2/15)

Altars:

Shops:
D:1 ?:*=

Annotations:
D:2 Robin


Message History

You closely miss Robin.
Robin is lightly wounded.
The hobgoblin hits you. Robin barely misses you.
You hit Robin but do no damage.
Robin is lightly wounded.
The hobgoblin barely misses you.
Unknown command.
You hit Robin but do no damage.
Robin is lightly wounded.
The hobgoblin closely misses you. Robin closely misses you.
You barely miss Robin.
Robin is lightly wounded.
The hobgoblin closely misses you.
Robin hits you with a +2 short sword of protection.
You hit Robin but do no damage.
Robin is lightly wounded.
The hobgoblin hits you.
You hit Robin.
Robin is heavily wounded.
The hobgoblin barely misses you.
You riposte.
You hit the hobgoblin.
You kill the hobgoblin!
Lugonu accepts your kill.
An adder comes into view.
Robin roars a battlecry!
The goblins go into a battle-frenzy!
The adder hisses angrily.
It was a potion of magic.
Magic courses through your body.
You hit Robin.
Robin is heavily wounded.
You closely miss the goblin.
The goblin no longer looks unusually strong.
Robin hits you with a +2 short sword of protection.
* * * LOW HITPOINT WARNING * * *
The goblin hits you with a +0 dagger.
* * * LOW HITPOINT WARNING * * *
Okay, then.
You hit Robin but do no damage.
Robin is heavily wounded.
Robin closely misses you. The goblin hits you with a +0 dagger.
You die... #. .## #>. .. ..... #.#. .SK

#g### #.gg# ###g#
#.g@# .
##.#####..
#.........
#.........
#..<....##
#.......#
##.#######
#.........
########.........


You could see Robin, an adder, 2 hobgoblins, 2 goblins and a kobold.

Vanquished Creatures
  A dart slug (D:1)
  A giant cockroach (D:1)
  6 goblins
  5 hobgoblins
  2 ball pythons (D:1)
  A bat (D:1)
  5 frilled lizards (D:1)
  2 rats (D:1)
23 creatures vanquished.

Notes
Turn   | Place    | Note
-------+----------+-------------------------------------------
     0 | Abyss:1  | leviel the Hill Orc Abyssal Knight began the quest for the
                  | Orb.
     0 | Abyss:1  | Reached XP level 1. HP: 19/19 MP: 2/2
     9 | D:1      | Escaped the Abyss
    85 | D:1      | Found Mues's General Store.
   229 | D:1      | Found Ziunnokk's Jewellery Boutique.
   236 | D:1      | Reached XP level 2. HP: 26/26 MP: 3/3
   420 | D:1      | Found Zeohokha's Book Emporium.
   427 | D:1      | Found Hatauqas's Magic Scroll Shop.
  1016 | D:2      | Noticed Robin
  1030 | D:2      | Reached XP level 3. HP: 16/31 MP: 4/4
  1047 | D:2      | Slain by a goblin

Illustrated notes

Levels and vault maps discovered:
D:1:      lemuel_arrival_tunnels, layout_basic, serial_shops,
          nicolae_shop_crystal, shop, shop, shop, grunt_decor_arrowhead,
          serial_bayou_ford_a
D:2:      layout_basic, serial_shops, shop, basic_altar, uniq_robin

Skill      XL: |  1  2 |
---------------+-------+-----
Long Blades    | 3 |  3.8
Fighting       | |  3.6
Armour         | |  2.1
Dodging        | |  0.7
Invocations    | |  2.4

Action                   || total
-------------------------++-------
Melee: Falchion          ||    70
  Use: Potion            ||     2
Armor: Leather armour    ||    20
Dodge: Dodged            ||    49
       Rpst.: Falchion   ||    14

Table legend: (Time is in decaauts)
 A = Elapsed time spent in this place.
 B = Non-inter-level travel time spent in this place.
 C = Inter-level travel time spent in this place.
 D = Time resting spent in this place.
 E = Time spent auto-exploring this place.
 F = Levels seen in this place.
 G = Mean time per level.
                   A        B        C        D        E       F      G
               +--------+--------+--------+--------+--------+-----+--------+
         Total |   1064 |   1043 |     21 |      0 |    906 |   3 |  354.7 |
       Dungeon |   1055 |   1034 |     21 |      0 |    900 |   2 |  527.5 |
         Abyss |      9 |      9 |      0 |      0 |      6 |   1 |    9.0 |
               +--------+--------+--------+--------+--------+-----+--------+

Top non-repeatable levels by time:
     D:1: 1005 daAuts
     D:2: 49 daAuts
 Abyss:1: 9 daAuts
